 Dungeon Crawl Stone Soup version 0.29-a0-243-g602b31c20e (webtiles) character file.

Game seed: 3697326242127369451

358441 Crownlay the Metallomancer (level 22, -20/140 HPs)
             Began as a Gargoyle Earth Elementalist on Mar 4, 2022.
             Was the Champion of Vehumet.
             Killed by the air
             ... invoked by a spriggan air mage (illusionary)
              (23 damage)
             ... on level 1 of the Depths.
             The game lasted 03:11:40 (65818 turns).

Crownlay the Metallomancer (GrEE)                  Turns: 65818, Time: 03:11:41

Health: -20/140    AC: 30    Str: 13    XL:     22   Next: 38%
Magic:  10/47      EV: 11    Int: 41    God:    Vehumet [******]
Gold:   4302       SH: 18    Dex: 15    Spells: 29/64 levels left

rFire   + + +      SeeInvis +   t - +7 war axe of Hell's Wrath {pain, *Slow rF+++ rCorr Int+4}
rCold   + + .      Faith    .   R - +2 shield of Resistance {rF++ rC++ Will++}
rNeg    + . .      Spirit   .   s - +2 robe {Archmagi}
rPois   ∞          Reflect  +   r - +2 hat
rElec   +          Harm     .   N - +2 cloak
rCorr   +          Rampage  .   H - +2 pair of gloves
Will    +++..      Archmagi +   E - +1 pair of boots of the Miller {Str-2 Int+7 Dex+5}
Stlth   ++........              Q - amulet of reflection
HPRegen 0.33/turn               O - ring of see invisible
MPRegen 0.30/turn               f - +6 ring of intelligence

@: flying, slowed, very slow
A: sickness immunity, AC +16, big wings, negative energy resistance 1,
electricity resistance, torment resistance 1, petrification resistance
}: 2/15 runes: decaying, gossamer
a: Renounce Religion


You were on level 1 of the Depths.
You worshipped Vehumet.
Vehumet was exalted by your worship.
You visited 8 branches of the dungeon, and saw 38 of its levels.
You also visited: Gauntlet and Wizlab.

You collected 5115 gold pieces.
You spent 813 gold pieces at shops.

Inventory:

Hand Weapons
 t - the +7 war axe of Hell's Wrath (weapon) {pain, *Slow rF+++ rCorr Int+4}
   (You found it on level 3 of the Lair of Beasts)

   In the hands of one skilled in necromantic magic, it inflicts extra damage on
   living creatures.
   Int:       It affects your intelligence (+4).
   rF:        It renders you almost immune to fire.
   rCorr:     It protects you from acid and corrosion.
   *Slow:     It may slow you when you take damage.
 S - the +10 hunting sling of Massacring {freeze, *Corrode Fly Str+3}
   (You found it on level 12 of the Dungeon)

   Any ammunition fired from it freezes those it strikes, dealing additional
   cold damage.
   It can also slow down cold-blooded creatures.
   Str:       It affects your strength (+3).
   Fly:       It grants you flight.
   *Corrode:  It may corrode you when you take damage.
Missiles
 h - 164 stones
Armour
 r - a +2 hat (worn)
 s - a +2 robe of the Archmagi (worn)
 E - the +1 pair of boots of the Miller (worn) {Str-2 Int+7 Dex+5}
   (You found it on level 4 of the Spider Nest)

   Str:       It affects your strength (-2).
   Int:       It affects your intelligence (+7).
   Dex:       It affects your dexterity (+5).
 H - a +2 pair of gloves (worn)
 N - a +2 cloak (worn)
 R - the +2 shield of Resistance (worn) {rF++ rC++ Will++}
   (You found it on level 11 of the Dungeon)

   rF:        It greatly protects you from fire.
   rC:        It greatly protects you from cold.
   Will:      It greatly increases your willpower.
Magical Staves
 F - a staff of poison
 L - a staff of death
 M - a staff of air
 U - a staff of earth
Jewellery
 f - a +6 ring of intelligence (right hand)
 k - a ring of magical power
 D - the brooch of Shielding {Spirit SH+8}
   (You found it on level 10 of the Dungeon)

   [amulet of guardian spirit]

   It causes incoming damage to be divided between your reserves of health and
   magic.
   SH:        It affects your SH (+8).
 I - a ring of wizardry
 O - a ring of see invisible (left hand)
 Q - an amulet of reflection (around neck)
Wands
 a - a wand of paralysis (1)
 e - a wand of mindburst (47)
 p - a wand of acid (22)
 w - a wand of digging (9)
 J - a wand of flame (21)
 K - a wand of polymorph (18)
 T - a wand of iceblast (18)
Scrolls
 g - 5 scrolls of identify
 i - 7 scrolls of enchant armour
 j - 3 scrolls of blinking
 q - 10 scrolls of teleportation
 x - 6 scrolls of fog
 y - a scroll of amnesia
 z - a scroll of holy word
 A - 4 scrolls of magic mapping
 C - 2 scrolls of summoning
 G - 4 scrolls of fear
 V - a scroll of silence
Potions
 b - 5 potions of brilliance
 c - 5 potions of heal wounds
 d - 4 potions of haste
 l - 13 potions of curing
 n - 3 potions of magic
 o - 12 potions of ambrosia
 u - 2 potions of invisibility
 v - a potion of might
 B - 5 potions of mutation
 P - 2 potions of cancellation
Miscellaneous
 m - a condenser vane


   Skills:
 - Level 15.0 Fighting
 - Level 1.5 Dodging
 - Level 2.1 Stealth
 - Level 10.0 Shields
 - Level 21.5 Spellcasting
 - Level 10.0 Conjurations
 - Level 10.0 Summonings
 - Level 0.7 Transmutations
 * Level 26.9 Earth Magic
 - Level 8.0 Evocations


You had 29 spell levels left.
You knew the following spells:

 Your Spells              Type           Power      Damage    Failure   Level
a - Sandblast             Erth           100%       2d20      0%          1
b - Passwall              Tmut/Erth      100%       N/A       0%          2
c - Stone Arrow           Conj/Erth      100%       3d13      0%          3
d - Lee's Rapid Deconstr  Erth           79%        3d36*     0%          5
e - Lehudib's Crystal Sp  Conj/Erth      69%        10d16     1%          8
f - Spellforged Servitor  Conj/Summ      56%        N/A       4%          7
g - Shatter               Erth           79%        3d57*     1%          9

Your spell library contained the following spells:

 Spells                   Type           Power      Damage    Failure   Level
 Ignition                 Fire           30%        3d10      100%        8
 Fire Storm               Conj/Fire      45%        8d12      100%        9
 Animate Skeleton         Necr           100%       N/A       1%          1
 Apportation              Tloc           100%       N/A       1%          1
 Freeze                   Ice            100%       1d11      1%          1
 Slow                     Hex            100%       N/A       1%          1
 Summon Small Mammal      Summ           100%       N/A       1%          1
 Corpse Rot               Necr/Air       100%       N/A       1%          2
 Poisonous Vapours        Pois/Air       100%       N/A       1%          2
 Scorch                   Fire           100%       2d10      1%          2
 Static Discharge         Conj/Air       91%        N/A       1%          2
 Call Canine Familiar     Summ           100%       N/A       1%          3
 Conjure Flame            Conj/Fire      91%        6-21      1%          3
 Dazzling Flash           Conj/Hex       100%       N/A       1%          3
 Frozen Ramparts          Ice            100%       1d12      1%          3
 Ignite Poison            Fire/Tmut/Pois 62%        N/A       1%          3
 Inner Flame              Hex/Fire       60%        N/A       1%          3
 Flame Wave               Conj/Fire      91%        2d15      1%          4
 Hailstorm                Conj/Ice       91%        3d18      1%          4
 Petrify                  Tmut/Erth      100%       N/A       1%          4
 Sticky Flame             Conj/Fire      91%        2d10      1%          4
 Summon Ice Beast         Ice/Summ       91%        N/A       1%          4
 Borgnjor's Vile Clutch   Necr/Erth      62%        N/A       1%          5
 Irradiate                Conj/Tmut      46%        3d28      1%          5
 Iskenderun's Battlesphe  Conj           100%       2d15      1%          5
 Summon Cactus Giant      Summ           56%        N/A       2%          6
 Confusing Touch          Hex            60%        N/A       3%          3
 Gell's Gravitas          Tloc           60%        N/A       3%          3
 Ozocubu's Armour         Ice            60%        N/A       3%          3
 Teleport Other           Tloc           60%        N/A       3%          3
 Vampiric Draining        Necr           60%        2d10      3%          3
 Summon Forest            Summ/Tloc      45%        N/A       4%          5
 Cause Fear               Hex            30%        N/A       11%         4
 Dispel Undead            Necr           60%        3d21      11%         4
 Monstrous Menagerie      Summ           56%        N/A       16%         7
 Alistair's Intoxication  Tmut/Pois      42%        N/A       26%         5
 Agony                    Necr           60%        N/A       30%         5
 Metabolic Englaciation   Hex/Ice        30%        N/A       30%         5
 Silence                  Hex/Air        30%        N/A       30%         5
 Eringya's Noxious Bog    Tmut/Pois      31%        N/A       36%         6
 Dispersal                Tloc           30%        N/A       86%         6
 Ozocubu's Refrigeration  Ice            30%        4d11      90%         7
 Borgnjor's Revivificati  Necr           30%        N/A       100%        8
 Discord                  Hex            30%        N/A       100%        8
 Necromutation            Tmut/Necr      31%        N/A       100%        8
 Death's Door             Necr           30%        N/A       100%        9
 Sublimation of Blood     Necr           Unusable   N/A       N/A         2
 Statue Form              Tmut/Erth      Unusable   N/A       N/A         6

Dungeon Overview and Level Annotations

Branches:
Dungeon (15/15)            Temple (1/1) D:4            Lair (6/6) D:10
  Swamp (4/4) Lair:2       Spider (4/4) Lair:4        Slime (0/5) Lair:5
    Orc (2/2) D:9             Elf (0/3) Orc:2        Vaults (5/5) D:13
  Crypt (0/3) Vaults:2     Depths (1/4) D:15         WizLab (visited)
Gauntlet (visited)

Altars:
Cheibriados
Fedhas
Gozag
Sif Muna
Vehumet
Wu Jian
Yredelemnul
Zin

Shops:
D:5 [   D:15 !   Orc:2 ?[(!   Vaults:2 *

Portals:
Abyss: Depths:1
Trove: Vaults:3 (give +6 demon blade)


Innate Abilities, Weirdness & Mutations

You are immune to sickness and miasma.
Your stone body is resilient. (AC +16)
You are immune to poison.
Your large and strong wings let you fly.
You resist negative energy. (rN+)
You are resistant to electric shocks. (rElec)
You are resistant to unholy torment.
You are immune to petrification.


Message History

The vampire mage casts a spell.
The spriggan air mage waves its arms in wide circles.
The air twists around and strikes you!
You hear a grinding noise.
The spriggan air mage waves its arms in wide circles.
The air twists around and strikes you!!
* * * LOW HITPOINT WARNING * * *
You block the spriggan air mage's attack.
You feel much better.
The flying skull hits you but does no damage. x2
You hear a grinding noise.
The spriggan air mage waves its arms in wide circles.
The air twists around and strikes you.
The spriggan air mage waves its arms in wide circles.
The air twists around and strikes you. You block the flying skull's attack.
The phantasmal warrior gestures at you.
The phantasmal warrior blinks!
The rakshasa blinks!
The juggernaut skeleton hits you!!
* * * LOW HITPOINT WARNING * * *
The juggernaut skeleton hits you but does no damage.
The spriggan air mage waves its arms in wide circles.
The air twists around and strikes you!
* * * LOW HITPOINT WARNING * * *
The spriggan air mage hits you but does no damage.
The flying skull hits you but does no damage.
There is a staircase back to the Dungeon here.
Blink to where?
Press: ? - help, Dir - move target, p - vampire mage A deep troll earth mage and a deep troll come into view.
As you read the scroll of blinking, it crumbles to dust.
The rakshasa blinks!
The spriggan air mage waves its arms in wide circles.
The air twists around and strikes you!
* * * LOW HITPOINT WARNING * * *
The rakshasa blinks!
The rakshasa weaves an illusion.
You can't go up here!
The spriggan air mage waves its arms in wide circles.
The air twists around and strikes you!!
You die...

..#*,,,,* *,,,,*
....,,,,******,**,*
......,,,,,,,,,**,*
......,,,.*******,*
.#..##***.. #####+####
.#...#***,#T#........#
R....#,,,,*#.........#
.....#,*,#..#........#
((.#.#,*,*#...T.@....#
#≈≈#.#,*,*##.........#
###########.#.#......#
....#∩....#.#........#
....#..#.#...#...Wz..#
....#...#...#.#WVW...#
....##...#.z..Ri..Zi.#
....#.#.#z#R...iT.W§.#
....#....#.#....>....#


You could see 2 rakshasas, a deep troll (wandering), a vampire mage (invisible),
3 spriggan air magi, a phantasmal warrior (summoned), a deep troll earth mage, a
deep troll shaman, a wraith (summoned), 2 shadows, a flying skull (summoned), a
wight (summoned) and a juggernaut skeleton (summoned).

Vanquished Creatures
  A dread lich (Vaults:5)
  An ancient lich (Vaults:5)
  Sojobo (Vaults:4)
  Saint Roka (Vaults:1)
  Xtahua (Vaults:4)
  A caustic shrike (Depths:1)
  A golden dragon (Vaults:5)
  Arachne (Spider:3)
  2 titans (Vaults:5)
  Frances (Swamp:1)
  2 sphinxes
  Agnes (Spider:3)
  2 tengu reavers
  A shadow dragon (Vaults:4)
  2 storm dragons
  3 frost giants
  2 emperor scorpions (Spider:4)
  3 fire giants (Vaults:5)
  6 vault wardens
  6 very ugly things
  An orc warlord (Orc:2)
  5 ghost moths
  14 ironbound preservers
  8 stone giants
  Nessos (D:12)
  3 broodmothers
  6 ironbound thunderhulks
  6 war gargoyles
  An eleionoma (Swamp:3)
  A deep elf annihilator (Vaults:5)
  7 dire elephants
  A bunyip (Swamp:4)
  A minotaur (Gauntlet)
  5 entropy weavers
  3 spark wasps
  2 deep elf death magi
  3 crystal guardians (Vaults:4)
  5 ettins
  The ghost of qborf the Bludgeoner, a journeyman OgBe of Trog (D:11)
  11 yaktaur captains
  Josephine (D:10)
  8 great orbs of eyes
  A fire dragon (Depths:1)
  2 deep elf high priests (Vaults:5)
  3 rakshasas
  29 vault guards
  Erolcha (Orc:2)
  4 ogre magi (Orc:2)
  An ice dragon (Lair:3)
  13 hydras
  10 boulder beetles
  A jorogumo (Spider:3)
  3 catoblepae (Lair:6)
  3 peacekeepers (Vaults:4)
  14 centaur warriors
  12 two-headed ogres
  2 death knights
  2 ironbound frosthearts
  A radroach (Spider:4)
  A ghost crab (Swamp:3)
  An alligator (Swamp:4)
  5 death yaks (Lair:6)
  A deep troll earth mage (Vaults:4)
  A deep troll shaman (Lair:6)
  A vampire mage (Vaults:2)
  A spriggan berserker (Depths:1)
  A tengu warrior (D:15)
  Amaemon (Lair:4)
  2 hell knights (Vaults:5)
  A deep elf knight (D:13)
  A wretched star (Gauntlet)
  Sonja (Lair:5)
  A fire crab (Lair:6)
  A storm dragon zombie (Vaults:3)
  An iron troll (Vaults:4)
  5 pharaoh ants
  A sun moth (Spider:2)
  4 nameless horrors
  A goliath frog (Swamp:1)
  2 glowing orange brains (Depths:1)
  8 skeletal warriors
  4 steelbarb worms
  A tengu zombie (Vaults:3)
  5 swamp dragons
  5 bog bodies
  2 spriggan druids
  11 orb spiders
  23 deep trolls
  Pikel (D:7)
  5 harpies (Vaults:2)
  7 lindwurms
  2 deep elf pyromancers
  4 phantasmal warriors
  11 wizards
  An orc knight (Vaults:5)
  3 necromancers
  11 ironbound convokers
  21 ugly things
  31 wolf spiders
  2 deep elf zephyrmancers (D:13)
  3 manticores
  5 orc sorcerers
  3 moths of wrath
  A will-o-the-wisp (Swamp:3)
  A moth of wrath (shapeshifter) (D:15)
  2 cyclopes
  A frost giant skeleton (Vaults:2)
  4 elephants (Lair:6)
  A stone giant skeleton (Vaults:3)
  11 vault sentinels
  2 torpor snails
  10 black mambas
  13 cane toads
  A gargoyle (D:9)
  An orange demon (Lair:4)
  3 freezing wraiths
  Maggie (D:7)
  10 komodo dragons
  29 yaktaurs
  10 demonic crawlers
  4 tengu conjurers
  2 efreet (D:11)
  A komodo dragon (shapeshifter) (D:11)
  3 kobold demonologists (D:13)
  A rime drake (Lair:4)
  An elf skeleton (Vaults:2)
  3 polar bears
  15 meliai
  7 trolls
  24 tarantellas
  2 tyrant leeches
  6 hornets
  26 slime creatures
  9 blink frogs
  23 jumping spiders
  A frost giant simulacrum (Vaults:3)
  A stone giant simulacrum (Vaults:2)
  3 spriggans (Swamp:4)
  2 centaur simulacra (Gauntlet)
  33 culicivoras
  7 wraiths
  6 wyverns
  An elf zombie (Vaults:3)
  23 yaks
  Grum (Lair:1)
  10 vampire mosquitoes
  6 fire bats (Gauntlet)
  A basilisk (Lair:6)
  A yak (shapeshifter) (D:14)
  A neqoxec (Gauntlet)
  Eustachio (D:6)
  49 redbacks
  2 steam dragons
  13 swamp worms
  A yaktaur simulacrum (Vaults:3)
  3 wargs (Orc:1)
  5 acid dragons
  A hydra simulacrum (Lair:3)
  Duvessa (D:6)
  25 water moccasins
  2 human skeletons (Vaults:3)
  6 swamp drakes (Swamp:4)
  2 ice beasts
  4 sky beasts
  25 orc warriors
  6 black bears
  34 ogres
  32 wolves
  A boggart (Vaults:1)
  9 centaurs
  A lemure (D:7)
  4 kobold brigands
  Blork the orc (D:6)
  4 bullfrogs
  A gnoll sergeant (D:7)
  5 scorpions
  11 wights
  Dowan (D:6)
  A howler monkey (D:7)
  6 electric eels
  A torpor snail simulacrum (Lair:3)
  2 small abominations (Gauntlet)
  2 wyvern simulacra
  4 jellies (Lair:5)
  A komodo dragon simulacrum (Lair:3)
  A human simulacrum (Vaults:2)
  18 orc priests
  A water moccasin simulacrum (Lair:3)
  2 gnoll shamans
  7 hounds
  3 iguanas
  21 orc wizards
  5 hell rats (Lair:2)
  5 gnolls (D:7)
  16 adders
  2 shadow imps
  A white imp (D:8)
  3 worms
  3 dart slugs
  78 orcs
  2 ball pythons
  6 endoplasms
  6 giant cockroaches
  5 goblins
  8 hobgoblins
  7 jackals
  7 quokkas
  6 bats
  3 frilled lizards
  14 kobolds
  3 rats
1263 creatures vanquished.

Vanquished Creatures (collateral kills)
  Nikola (Swamp:1)
  2 tentacled monstrosities
  A sphinx (Vaults:2)
  2 thorn hunters
  A storm dragon (Vaults:3)
  4 tengu reavers
  A fenstrider witch (Swamp:4)
  An iron dragon (Vaults:4)
  Aizul (Swamp:1)
  An emperor scorpion (Spider:4)
  2 vault wardens
  3 ironbound preservers
  A very ugly thing (Vaults:3)
  4 ironbound thunderhulks
  3 eleionomae
  3 stone giants
  6 dire elephants
  A spark wasp (Spider:4)
  2 bunyips (Swamp:2)
  An eidolon (Vaults:2)
  A shambling mangrove (Swamp:4)
  2 yaktaur captains (Vaults:3)
  A deep elf high priest (Vaults:5)
  A great orb of eyes (Vaults:1)
  2 vault guards (Vaults:3)
  An ironbound frostheart (Vaults:2)
  The ghost of Zgarb the Markstengu, a journeyman TeHu of Hepliaklqana (Lair:3)
  5 alligators
  8 hydras
  A peacekeeper (Vaults:1)
  10 centaur warriors
  A vampire mage (Vaults:2)
  8 deep trolls
  3 goliath frogs
  8 swamp dragons
  A spriggan druid (Swamp:1)
  4 bog bodies
  5 ironbound convokers
  2 wizards (Vaults:4)
  A harpy (Vaults:2)
  10 ugly things
  A fire giant zombie (Vaults:2)
  4 will-o-the-wisps
  2 vault sentinels (Vaults:2)
  3 rime drakes (Lair:3)
  A yaktaur zombie (Vaults:3)
  A nameless horror (Swamp:4)
  A freezing wraith (Vaults:4)
  3 yaktaurs
  A troll (Orc:2)
  A bloated husk (Swamp:2)
  4 hornets
  6 tyrant leeches
  10 slime creatures
  A death yak simulacrum (Lair:3)
  5 vampire mosquitoes (Swamp:1)
  3 wargs
  9 swamp worms
  3 swamp drakes
  2 orc wizards (Orc:2)
  An orc (Orc:2)
179 creatures vanquished.

Vanquished Creatures (others)
  An orc warlord (Orc:2)
  An orc knight (Orc:2)
  A freezing wraith (D:12)
  A bloated husk (Swamp:3)
  A water elemental (Depths:1)
  A howler monkey (D:7)
  3 gnolls (D:7)
  2 orcs
  A bush (Lair:6)
  10 foxfires
  48 fungi
  95 plants
165 creatures vanquished.

Grand Total: 1607 creatures vanquished

Notes
Turn   | Place    | Note
-------+----------+-------------------------------------------
     0 | D:1      | Crownlay the Gargoyle Earth Elementalist began the quest
                  | for the Orb.
     0 | D:1      | Reached XP level 1. HP: 10/10 MP: 3/3
   147 | D:1      | Reached XP level 2. HP: 15/15 MP: 5/5
   608 | D:1      | Reached skill level 4 in Earth Magic
   967 | D:1      | Reached XP level 3. HP: 11/19 MP: 4/7
  1987 | D:2      | Reached XP level 4. HP: 16/24 MP: 9/9
  1993 | D:2      | Noticed a scorpion
  1999 | D:2      | Killed a scorpion
  2000 | D:2      | Reached XP level 5. HP: 12/28 MP: 8/11
  2489 | D:3      | Reached skill level 5 in Earth Magic
  2631 | D:3      | Noticed a floating eye
  2632 | D:3      | Found a faded altar of an unknown god.
  2634 | D:3      | Noticed a shining eye
  2635 | D:3      | Noticed an eye of devastation
  2635 | D:3      | Noticed a shining eye
  3348 | D:4      | Noticed a water moccasin
  3352 | D:4      | Killed a water moccasin
  3353 | D:4      | Reached skill level 5 in Spellcasting
  3353 | D:4      | Reached XP level 6. HP: 32/32 MP: 8/13
  3356 | D:4      | Learned a level 2 spell: Passwall
  3360 | D:4      | Learned a level 3 spell: Stone Arrow
  3536 | D:4      | Identified the +11 great sword of Ruxegg {flame, Dex+3}
  3566 | D:4      | Reached skill level 6 in Earth Magic
  3566 | D:4      | Reached XP level 7. HP: 12/36 MP: 9/15
  3792 | D:4      | Found a staircase to the Ecumenical Temple.
  3800 | Temple   | Entered the Ecumenical Temple
  3810 | Temple   | Became a worshipper of Vehumet
  3839 | D:4      | Noticed a steam dragon
  3854 | D:4      | Killed a steam dragon
  4571 | D:5      | Entered Level 5 of the Dungeon
  4770 | D:5      | Reached skill level 1 in Fighting
  4770 | D:5      | Reached skill level 7 in Earth Magic
  4770 | D:5      | Reached XP level 8. HP: 43/43 MP: 11/18
  5231 | D:5      | Found Ubip's Antique Armour Boutique.
  6112 | D:6      | Reached * piety under Vehumet
  6112 | D:6      | Offered knowledge of Freeze by Vehumet.
  6131 | D:6      | Reached skill level 8 in Earth Magic
  6131 | D:6      | Reached XP level 9. HP: 37/52 MP: 1/21
  6530 | D:6      | Noticed Dowan
  6530 | D:6      | Noticed Duvessa
  6557 | D:6      | Killed Duvessa
  6562 | D:6      | Killed Dowan
  6812 | D:6      | Noticed Blork the orc
  6819 | D:6      | Killed Blork the orc
  7027 | D:6      | Noticed Eustachio
  7029 | D:6      | Killed Eustachio
  7030 | D:6      | Reached skill level 5 in Fighting
  7380 | D:7      | Reached skill level 9 in Earth Magic
  7491 | D:7      | Noticed a hornet
  7496 | D:7      | Killed a hornet
  7577 | D:7      | Reached ** piety under Vehumet
  7590 | D:7      | Noticed Maggie
  7594 | D:7      | Killed Maggie
  7594 | D:7      | Offered knowledge of Searing Ray by Vehumet.
  7595 | D:7      | Reached skill level 10 in Spellcasting
  7595 | D:7      | Reached XP level 10. HP: 51/59 MP: 7/24
  7829 | D:7      | Reached skill level 10 in Earth Magic
  8200 | D:7      | Noticed Pikel
  8206 | D:7      | Killed Pikel
  8986 | D:8      | Offered knowledge of Scorch by Vehumet.
  9468 | D:9      | Reached skill level 1 in Conjurations
  9585 | D:9      | Found a staircase to the Orcish Mines.
  9699 | D:9      | Found a shimmering blue altar of Sif Muna.
  9930 | D:9      | Noticed a gargoyle
  9934 | D:9      | Killed a gargoyle
  9934 | D:9      | Reached *** piety under Vehumet
 10188 | D:9      | Reached XP level 11. HP: 47/64 MP: 19/26
 10679 | D:10     | Entered Level 10 of the Dungeon
 10887 | D:10     | Found a staircase to the Lair.
 10900 | D:10     | Offered knowledge of Inner Flame by Vehumet.
 10961 | D:10     | Found the brooch of Shielding {Spirit SH+8}
 11584 | D:10     | Reached skill level 5 in Conjurations
 11659 | D:10     | Noticed Josephine
 11667 | D:10     | Killed Josephine
 11902 | D:11     | Reached **** piety under Vehumet
 12055 | D:11     | Noticed a two-headed ogre
 12058 | D:11     | Killed a two-headed ogre
 12377 | D:11     | Found an opulent altar of Gozag.
 12912 | D:11     | Reached XP level 12. HP: 57/73 MP: 14/29
 13143 | D:11     | Found a runed translucent door.
 13143 | D:11     | Noticed qborf's ghost (journeyman OgBe)
 13143 | D:11     | Found the +2 shield of Resistance {rF++ rC++ Will++}
 13253 | Lair:1   | Entered Level 1 of the Lair of Beasts
 13271 | Lair:1   | Found a gate leading to a gauntlet.
 13279 | Gauntlet | Entered a Gauntlet
 13279 | Gauntlet | Found a transporter.
 13279 | Gauntlet | Found a transporter.
 13286 | Gauntlet | Found a transporter.
 13290 | Gauntlet | Noticed a wretched star
 13294 | Gauntlet | Found a transporter.
 13294 | Gauntlet | Noticed an entropy weaver
 13301 | Gauntlet | Noticed a seven-headed hydra
 13302 | Gauntlet | Found a transporter.
 13304 | Gauntlet | Found a transporter.
 13304 | Gauntlet | Found a transporter.
 13309 | Gauntlet | Found a transporter.
 13346 | Gauntlet | Found a transporter.
 13357 | Gauntlet | Found a transporter.
 13406 | Gauntlet | Found a transporter.
 13417 | Gauntlet | Found a transporter.
 13424 | Gauntlet | Noticed a death yak
 13426 | Gauntlet | Noticed a death yak
 13427 | Gauntlet | Noticed a death yak
 13428 | Gauntlet | Noticed a death yak
 13429 | Gauntlet | Noticed a death yak
 13434 | Gauntlet | Found a transporter.
 13520 | Gauntlet | Found a transporter.
 13535 | Gauntlet | Found a transporter.
 13549 | Gauntlet | Found a transporter.
 13976 | Gauntlet | Identified the +1 ring mail "Qabliq" {-Tele Rampage rC+++
                  | rCorr}
 14021 | Gauntlet | Killed a wretched star
 14022 | Gauntlet | Reached skill level 1 in Shields
 14028 | Gauntlet | Offered knowledge of Lightning Bolt by Vehumet.
 14292 | Gauntlet | Identified the ring "Xuuvawk" {rPois Str+3}
 14505 | Gauntlet | Noticed a minotaur
 14511 | Gauntlet | Killed a minotaur
 14583 | Gauntlet | Got the Collected Works on the Escort and Combat Magic
 14682 | Lair:1   | Noticed Grum
 14689 | Lair:1   | Killed Grum
 15859 | Lair:2   | Found a staircase to the Swamp.
 15945 | Lair:2   | Noticed an eight-headed hydra
 15953 | Lair:2   | Killed an eight-headed hydra
 16810 | Lair:3   | Noticed Zgarb's ghost (journeyman TeHu)
 16811 | Lair:3   | Noticed an ice dragon
 17111 | Lair:3   | Reached skill level 5 in Shields
 17119 | Lair:3   | Found a runed translucent gate.
 17119 | Lair:3   | Found a runed translucent gate.
 17119 | Lair:3   | Found a runed translucent gate.
 17239 | Lair:3   | Identified the +7 war axe of Hell's Wrath {pain, *Slow
                  | rF+++ rCorr Int+4}
 17321 | Lair:3   | Reached XP level 13. HP: 81/81 MP: 28/31
 17980 | Lair:4   | Reached skill level 10 in Fighting
 18185 | Lair:4   | Reached skill level 1 in Evocations
 18225 | Lair:4   | Found a hole to the Spider Nest.
 18399 | Lair:4   | Noticed Amaemon
 18401 | Lair:4   | Reached ***** piety under Vehumet
 18408 | Lair:4   | Killed Amaemon
 18408 | Lair:4   | Offered knowledge of Eringya's Noxious Bog by Vehumet.
 19295 | Lair:5   | Found a staircase to the Slime Pits.
 19440 | Lair:5   | Noticed Sonja
 19444 | Lair:5   | Killed Sonja
 19475 | Lair:5   | Reached skill level 15 in Spellcasting
 20071 | Lair:6   | Entered Level 6 of the Lair of Beasts
 20564 | Lair:6   | Reached skill level 11 in Earth Magic
 20594 | Lair:6   | Reached skill level 10 in Conjurations
 20825 | Lair:6   | Reached skill level 5 in Evocations
 20904 | Lair:6   | Gained mutation: Your large and strong wings let you fly.
                  | [Gargoyle growth]
 20904 | Lair:6   | Reached XP level 14. HP: 88/88 MP: 5/33
 21555 | Lair:5   | Reached skill level 1 in Summonings
 22594 | Lair:6   | Offered knowledge of Hailstorm by Vehumet.
 23127 | Lair:6   | Noticed a dire elephant
 23310 | Lair:6   | Killed a dire elephant
 23311 | Lair:6   | Reached skill level 12 in Earth Magic
 23631 | Orc:1    | Entered Level 1 of the Orcish Mines
 24291 | Orc:2    | Entered Level 2 of the Orcish Mines
 24291 | Orc:2    | Noticed an orc warlord
 25049 | Orc:2    | Found a staircase to the Elven Halls.
 25193 | Orc:2    | Noticed Erolcha
 25209 | Orc:2    | Noticed an orc warlord
 25252 | Orc:2    | Killed Erolcha
 25269 | Orc:2    | Killed an orc warlord
 25504 | Orc:2    | Reached XP level 15. HP: 92/92 MP: 35/35
 25506 | Orc:2    | Offered knowledge of Lee's Rapid Deconstruction by Vehumet.
 25513 | Orc:2    | Learned a level 5 spell: Lee's Rapid Deconstruction
 25899 | Orc:2    | Found Uxki's Magic Scroll Shop.
 25899 | Orc:2    | Found Otiskel's Armour Shoppe.
 25900 | Orc:2    | Found Yzepnes's Weapon Shoppe.
 25900 | Orc:2    | Found Fusit's Distillery.
 25996 | Orc:2    | Bought a scroll of blinking for 105 gold pieces
 25996 | Orc:2    | Bought a scroll of identify for 28 gold pieces
 25996 | Orc:2    | Bought a scroll of summoning for 133 gold pieces
 25996 | Orc:2    | Bought a scroll of fear for 49 gold pieces
 25998 | Orc:2    | Bought a potion of cancellation for 112 gold pieces
 26312 | D:11     | Killed qborf's ghost
 26989 | D:11     | Reached skill level 13 in Earth Magic
 27227 | D:12     | Identified the +10 hunting sling of Massacring {freeze,
                  | *Corrode Fly Str+3}
 28526 | D:12     | Noticed Nessos
 28536 | D:12     | Killed Nessos
 28711 | D:12     | Reached skill level 5 in Summonings
 29735 | D:13     | Found a gate to the Vaults.
 30135 | D:13     | You are sucked into a shaft and drop 2 floors!
 30135 | D:15     | Entered Level 15 of the Dungeon
 30160 | D:15     | Offered knowledge of Fireball by Vehumet.
 31452 | D:14     | Reached XP level 16. HP: 97/97 MP: 25/37
 31512 | D:14     | Identified the +10 morningstar "Kuplough" {vorpal, rPois
                  | rC- Str+3 Stlth+}
 31548 | D:14     | Got Okuohoy's Grimoire of the Displaced Frostbite
 32266 | D:15     | Reached skill level 14 in Earth Magic
 32691 | D:15     | Found Boetus's Distillery.
 32814 | D:15     | Bought a potion of heal wounds for 95 gold pieces
 32814 | D:15     | Bought a potion of heal wounds for 95 gold pieces
 32814 | D:15     | Bought a potion of berserk rage for 95 gold pieces
 33343 | D:15     | Found a staircase to the Depths.
 33573 | Spider:1 | Entered Level 1 of the Spider Nest
 33882 | Spider:1 | Identified the +5 whip of Fundamental Breach {freeze, rElec
                  | Int+4}
 34010 | Spider:1 | Offered knowledge of Orb of Destruction by Vehumet.
 34719 | Spider:1 | You are sucked into a shaft and drop 1 floor!
 35248 | Spider:2 | Reached skill level 10 in Shields
 36246 | Spider:2 | Reached skill level 15 in Earth Magic
 37087 | Spider:2 | Identified the +0 chain mail of the Shore {Int+5 SInv}
 37465 | Spider:2 | Learned a level 8 spell: Lehudib's Crystal Spear
 38580 | Spider:3 | Reached skill level 16 in Earth Magic
 38978 | Spider:3 | Offered knowledge of Starburst by Vehumet.
 38979 | Spider:3 | Reached XP level 17. HP: 102/102 MP: 20/39
 39143 | Spider:3 | Noticed Arachne
 39664 | Spider:3 | Noticed Agnes
 39759 | Spider:3 | Killed Agnes
 40109 | Spider:3 | Killed Arachne
 40110 | Spider:3 | Reached skill level 17 in Earth Magic
 40561 | Spider:3 | HP: 3/102 [jorogumo (14)]
 41497 | Spider:4 | Entered Level 4 of the Spider Nest
 42751 | Spider:4 | Reached skill level 18 in Earth Magic
 44096 | Spider:4 | Offered knowledge of Spellforged Servitor by Vehumet.
 44762 | Spider:4 | Learned a level 7 spell: Spellforged Servitor
 46242 | Spider:4 | Reached XP level 18. HP: 101/107 MP: 31/41
 46295 | Spider:4 | Identified the +1 pair of boots of the Miller {Str-2 Int+7
                  | Dex+5}
 46406 | Spider:4 | Got a gossamer rune of Zot
 46658 | Swamp:1  | Entered Level 1 of the Swamp
 47041 | Swamp:1  | Noticed Frances
 47047 | Swamp:1  | Killed Frances
 47067 | Swamp:1  | Noticed Aizul
 47077 | Swamp:1  | Killed Aizul
 47448 | Swamp:1  | Identified a scroll of acquirement
 47513 | Swamp:1  | Noticed Nikola
 47519 | Swamp:1  | Killed Nikola
 48220 | Swamp:2  | Noticed a tentacled monstrosity
 48225 | Swamp:2  | Killed a tentacled monstrosity
 50287 | Swamp:4  | Entered Level 4 of the Swamp
 50465 | Swamp:4  | Reached ****** piety under Vehumet
 51218 | Swamp:4  | Noticed a tentacled monstrosity
 51224 | Swamp:4  | Killed a tentacled monstrosity
 51420 | Swamp:4  | Offered knowledge of Fire Storm by Vehumet.
 51420 | Swamp:4  | Offered knowledge of Shatter by Vehumet.
 51420 | Swamp:4  | Offered knowledge of Ignition by Vehumet.
 51437 | Swamp:3  | Reached skill level 10 in Summonings
 51512 | Swamp:3  | Learned a level 9 spell: Shatter
 51961 | Swamp:4  | Got a decaying rune of Zot
 52572 | Lair:3   | Reached XP level 19. HP: 80/115 MP: 34/43
 52585 | Lair:3   | Killed Zgarb's ghost
 52864 | Vaults:1 | Entered Level 1 of the Vaults
 53421 | Vaults:1 | Reached skill level 19 in Earth Magic
 53557 | Vaults:1 | Identified the +5 chain mail of the Thirteen Nights {rC-
                  | Will+ Regen+ Dex+2}
 54221 | Vaults:1 | Noticed Saint Roka
 54227 | Vaults:1 | Killed Saint Roka
 55220 | Vaults:1 | You are sucked into a shaft and drop 1 floor!
 56347 | Vaults:1 | Acquired 1052 gold pieces
 56809 | Vaults:2 | Reached skill level 20 in Earth Magic
 56829 | Vaults:2 | Acquired Crownlay's Incunabulum of Supportive Confrontation
 57051 | Vaults:2 | Found a staircase to the Crypt.
 57220 | Vaults:2 | Found Qatweub's General Store.
 57234 | Vaults:2 | Bought 22 stones for 28 gold pieces
 57234 | Vaults:2 | Bought 22 stones for 28 gold pieces
 57234 | Vaults:2 | Bought a scroll of fear for 45 gold pieces
 57689 | Vaults:2 | Reached XP level 20. HP: 127/127 MP: 25/44
 59418 | Vaults:3 | Reached skill level 21 in Earth Magic
 60001 | Vaults:3 | Found a portal to a secret trove of treasure.
 60098 | Vaults:3 | Reached skill level 15 in Fighting
 61998 | Vaults:4 | Reached skill level 22 in Earth Magic
 62243 | Vaults:4 | Noticed Xtahua
 62247 | Vaults:4 | Killed Xtahua
 62963 | Vaults:4 | Reached XP level 21. HP: 134/134 MP: 35/46
 63183 | Vaults:4 | Reached skill level 23 in Earth Magic
 63589 | Vaults:4 | Identified the +4 scimitar "Goblinslayer" {venom, rPois
                  | Dex+4}
 63999 | Vaults:4 | Noticed Sojobo
 64010 | Vaults:4 | Killed Sojobo
 64712 | Vaults:5 | Entered Level 5 of the Vaults
 64714 | Vaults:5 | Reached skill level 24 in Earth Magic
 64869 | Vaults:5 | Noticed a golden dragon
 64870 | Vaults:5 | Reached skill level 25 in Earth Magic
 65089 | Vaults:5 | Noticed a dread lich
 65091 | Vaults:5 | Killed a dread lich
 65092 | Vaults:5 | Killed a golden dragon
 65093 | Vaults:5 | Reached XP level 22. HP: 95/140 MP: 47/47
 65327 | Vaults:5 | Noticed a golden dragon
 65332 | Vaults:4 | Reached skill level 26 in Earth Magic
 65450 | Vaults:5 | Noticed an ancient lich
 65450 | Vaults:5 | Identified the +1 great sword of Xiceh {elec, *Slow rN+
                  | Str+3}
 65452 | Vaults:5 | Killed an ancient lich
 65712 | Depths:1 | Entered Level 1 of the Depths
 65720 | Depths:1 | Found a magical portal.
 65729 | WizLab   | Entered Maxwell's Workshop
 65771 | Depths:1 | Noticed a caustic shrike
 65778 | Depths:1 | Killed a caustic shrike
 65782 | Depths:1 | Found a one-way gate to the infinite horrors of the Abyss.
 65817 | Depths:1 | HP: 3/140 [spriggan air mage/the air (7)]
 65818 | Depths:1 | Killed from afar by a spriggan air mage (illusionary)

Illustrated notes

Levels and vault maps discovered:
D:1:      roderic_crossed_star, layout_basic, serial_glass, glass_columns_c,
          glass_columns_a, glass_columns_c, glass_columns_a, glass_columns_c,
          glass_columns_b, dk_noncrumbling_4, minmay_pentomino_p2
D:2:      minmay_skewed_foursquare, layout_rooms, minmay_fountain_box
D:3:      layout_loops_ring, hellmonk_ecumenical_altar_watching_god
D:4:      minmay_wonky_spiral, layout_cave_pools, temple_fountains
D:5:      layout_basic, minmay_shop_grid_forest, st_stairs_8, minmay_misc_feat_x
D:6:      layout_basic, uniq_duvessa, uniq_blork_the_orc, uniq_eustachio
D:7:      layout_basic, lemuel_flamethrower_2, uniq_pikel, uniq_maggie
D:8:      layout_gridville
D:9:      layout_loops_ring, led_sif_pool, orc_0_dummy, item_on_display_a
D:10:     layout_cross, erik_lair_island, columned_hall_lemuel, minivault_22,
          uniq_josephine
D:11:     layout_stronghold, ebering_ghost_inner_flame,
          nicolae_gozag_cash_rules_everything_around_me
D:12:     layout_irregular_city, minmay_microvault, uniq_nessos
D:13:     layout_loops_ring, hangedman_vaults_entry_quadrant_bands, drop_trap
D:14:     layout_rooms, hangedman_decor_riveting
D:15:     gammafunk_enter_depths_forms, layout_rooms, serial_shops,
          nicolae_shop_temple_entry_statues_fountains
Temple:   grunt_wide_crystal_templ
Lair:1:   layout_cave_pods, nicolae_volcano_entry_lava_flow,
          gauntlet_entry_generic, uniq_grum
Lair:2:   layout_regular_city, swamp_mist
Lair:3:   layout_loops_ring, gammafunk_ghost_icy, minivault_19,
          serial_bayou_shore_a, grunt_megastairs_3
Lair:4:   layout_gridlike, spider_nest_entry_a, infiniplex_staircase_pool_2,
          uniq_amaemon
Lair:5:   layout_hall_layers, minmay_slime_entry_pillars, serial_bayou,
          serial_bayou_crossing, serial_bayou_ford_a, serial_bayou_lagoon_a,
          serial_bayou_pond_e, serial_bayou_lagoon_b, lemuel_fruit_tree,
          serial_bayou_shore_b, uniq_sonja
Lair:6:   grunt_lair_end_beastmaster, layout_regular_city,
          minmay_shattered_shrine
Swamp:1:  nicolae_swamp_decorative_isthmus, layout_falls_marsh,
          nicolae_swamp_trees_clearing, swamp_pool3, nicolae_swamp_bean_lake,
          uniq_frances, uniq_aizul, uniq_nikola
Swamp:2:  layout_basic_swamp, evilmike_swamp_ruin_house_4
Swamp:3:  layout_basic_swamp, evilmike_swamp_ruin_house_3,
          nicolae_swamp_little_swirl
Swamp:4:  swamp_alternative, layout_basic_swamp
Spider:1: layout_spider_delve
Spider:2: layout_spider_delve
Spider:3: layout_spider_delve, nicolae_arachne_temple,
          nicolae_spider_cling_halls, uniq_agnes
Spider:4: spider_rune_water
Orc:1:    layout_caves
Orc:2:    st_orc_ogre_mass, layout_diamond_mine, nicolae_orc_rich_vein,
          uniq_erolcha
Vaults:1: hangedman_vaults_nails, nicolae_vaults_puzzle_piece,
          hangedman_vaults_cutoff, nicolae_vaults_diagonal_hallway_7,
          nicolae_vaults_network_s, vaults_mumra_minichess_inversion,
          v_alt_pattern_1, vaults_room_grunt_arrival_ludios,
          vaults_room_octagon, nicolae_vaults_hallways_thing,
          ontoclasm_vaults_gallery, ontoclasm_vaults_loading_screen,
          vaults_dpeg_hooks, vaults_mumra_lcd, layout_vaults_omnicross,
          uniq_saint_roka
Vaults:2: minmay_crypt_entry_simple_round, vaults_mumra_chevron,
          v_alt_pattern_3, hangedman_vaults_trim,
          nicolae_vaults_inception_statues, nicolae_vaults_arrows,
          vaults_room_ringed_pool, vaults_room_fours, grunt_vaults_twisty,
          ontoclasm_vaults_ring_large, hangedman_vaults_river_flow,
          hangedman_vaults_stagger, nicolae_vaults_gold_heap,
          layout_vaults_omnibox, serial_shops, nicolae_shop_statue_plus
Vaults:3: v_alt_pattern_2, vaults_dpeg_diagonal, v_misc_33,
          nicolae_vaults_murderbox, ontoclasm_vaults_decontamination,
          nicolae_vaults_network_square, ontoclasm_vaults_ring_small,
          vaults_room_large_hall, layout_vaults_omnigrid,
          nicolae_trove_entry_crossroad
Vaults:4: st_octagons_2, grunt_vaults_swirl, vaults_room_grid,
          nicolae_vaults_big_ls, nicolae_vaults_specimen_jars,
          nicolae_vaults_big_angled_halls, v_rooms_4, v_misc_10,
          nicolae_vaults_little_squares_1, vaults_mumra_hexcomb,
          ontoclasm_vaults_idyll, v_pattern_2, nicolae_vaults_little_squares_6,
          layout_vaults_maze_snakey, uniq_sojobo, uniq_xtahua
Vaults:5: uniq_boris
Depths:1: hangedman_cross_cluster, layout_gridlike, ebering_ghost_gozag,
          pf_hell_entry_tar_spiral, roderic_roman_lattice, mu_enter_wizlab_6,
          abyss_entry, lemuel_freeze_loot_1

Skill      XL: |  1  2  3  4  5  6  7  8  9 10 11 12 13 14 15 16 17 18 19 20 21 22 |
---------------+-------------------------------------------------------------------+-----
Earth Magic    | 4 5 6 7 8 9 10 11 12 13 16 18 20 22 25 26 | 26.9
Spellcasting   | 3 4 5 6 8 10 11 13 14 15 16 17 18 19 20 21 | 21.5
Fighting       | 1 3 5 8 9 10 11 14 15 | 15.0
Conjurations   | 2 5 8 10 | 10.0
Shields        | 5 8 10 | 10.0
Evocations     | 5 8 |  8.0
Summonings     | 3 5 6 10 | 10.0
Dodging        | |  1.5
Stealth        | |  2.1
Transmutations | |  0.7

Action                   |  1- 3 |  4- 6 |  7- 9 | 10-12 | 13-15 | 16-18 | 19-21 | 22-24 || total
-------------------------+-------+-------+-------+-------+-------+-------+-------+-------++-------
Melee: Whip              |    81 |       |       |       |       |       |       |       ||    81
       Punch             |     1 |       |       |       |       |       |       |       ||     1
       Halberd           |    53 |   121 |       |       |       |       |       |       ||   174
       Great sword       |       |     4 |    43 |    10 |     1 |       |       |       ||    58
       War axe           |       |       |       |       |    24 |   100 |     4 |       ||   128
 Fire: Hunting sling     |       |       |       |       |    54 |   240 |       |       ||   294
 Cast: Sandblast         |    11 |    11 |   113 |   260 |   351 |   132 |   105 |       ||   983
       Stone Arrow       |       |       |    41 |   130 |   509 |   962 |   379 |    14 ||  2035
       Lee's Rapid Decon |       |       |       |       |     9 |    10 |    52 |       ||    71
       Spellforged Servi |       |       |       |       |       |    61 |    89 |     2 ||   152
       Lehudib's Crystal |       |       |       |       |       |     6 |     9 |     1 ||    16
       Shatter           |       |       |       |       |       |       |    50 |    15 ||    65
Evoke: Wand              |       |       |       |     7 |    30 |    11 |     1 |       ||    49
       Condenser vane    |       |       |       |       |     1 |       |     1 |       ||     2
  Use: Scroll            |       |     2 |     7 |    10 |     7 |    12 |     4 |     2 ||    44
       Potion            |       |       |       |       |     1 |    14 |       |     1 ||    16
 Stab: Sleeping          |     6 |     6 |     1 |       |       |       |       |       ||    13
Armor: Robe              |    84 |    76 |     3 |   109 |   222 |   653 |   119 |    14 ||  1280
       Steam dragon scal |       |       |    70 |       |       |       |       |       ||    70
Dodge: Dodged            |   104 |   110 |    77 |   114 |   205 |   400 |    78 |    12 ||  1100
Block: Other             |       |       |       |    81 |    81 |       |       |       ||   162
       Kite shield       |       |       |       |       |   101 |  1020 |   237 |    14 ||  1372
       Reflection        |       |       |       |       |    23 |    11 |    50 |     4 ||    88

Table legend: (Time is in decaauts)
 A = Elapsed time spent in this place.
 B = Non-inter-level travel time spent in this place.
 C = Inter-level travel time spent in this place.
 D = Time resting spent in this place.
 E = Time spent auto-exploring this place.
 F = Levels seen in this place.
 G = Mean time per level.
                   A        B        C        D        E       F      G
               +--------+--------+--------+--------+--------+-----+--------+
         Total |  66389 |  63281 |   3108 |  11561 |  37625 |  40 | 1659.7 |
       Dungeon |  21738 |  20091 |   1647 |    798 |  15942 |  15 | 1449.2 |
        Temple |     19 |     10 |      9 |      0 |      1 |   1 |   19.0 |
          Lair |  10182 |   9664 |    518 |    284 |   7849 |   6 | 1697.0 |
         Swamp |   5252 |   5008 |    244 |   1399 |   1969 |   4 | 1313.0 |
   Spider Nest |  12919 |  12553 |    366 |   6452 |   2331 |   4 | 3229.8 |
  Orcish Mines |   2549 |   2485 |     64 |     86 |   1736 |   2 | 1274.5 |
        Vaults |  12297 |  12049 |    248 |   2542 |   7063 |   5 | 2459.4 |
        Depths |    103 |     93 |     10 |      0 |      0 |   1 |  103.0 |
        Wizlab |      5 |      5 |      0 |      0 |      0 |   1 |    5.0 |
      Gauntlet |   1320 |   1320 |      0 |      0 |    734 |   1 | 1320.0 |
               +--------+--------+--------+--------+--------+-----+--------+

Top non-repeatable levels by time:
Spider:4: 4724 daAuts
Spider:3: 3934 daAuts
Vaults:4: 3531 daAuts
Vaults:1: 3258 daAuts
Vaults:3: 3019 daAuts
  Lair:6: 3014 daAuts
    D:13: 2517 daAuts
Spider:2: 2470 daAuts
Vaults:2: 2442 daAuts
    D:11: 2264 daAuts
    D:12: 1901 daAuts
Spider:1: 1790 daAuts
  Lair:2: 1725 daAuts
  Lair:5: 1577 daAuts
 Swamp:4: 1551 daAuts
